 Dungeon Crawl Stone Soup version 0.28-a0-851-g8b9cc49659 (webtiles) character file.

Game seed: 9599487123425724078

13141 sanka the Schismatic (level 11, -2/92 HPs)
             Began as a Palentonga Abyssal Knight on Nov 14, 2021.
             Was an Elder of Lugonu.
             Slain by an entropy weaver simulacrum (11 damage)
             ... in an ice cave.
             The game lasted 00:33:07 (15190 turns).

sanka the Schismatic (Palentonga Abyssal Knight)   Turns: 15190, Time: 00:33:08

Health: -2/92      AC: 27    Str: 18    XL:     11   Next: 71%
Magic:  16/18      EV: 12    Int: 11    God:    Lugonu [****..]
Gold:   1093       SH:  8    Dex: 12    Spells: 10/10 levels left

rFire   + . .      SeeInvis +   a - +8 war axe of Terror {drain, rF+}
rCold   + . .      Faith    .   t - +0 kite shield {reflect}
rNeg    . . .      Spirit   .   u - +3 leather armour
rPois   +          Reflect  +   k - +1 helmet
rElec   .          Harm     .   O - +1 cloak of Starlight {*Dazzle EV+4 Stlth--}
rCorr   +          Rampage  .   P - +1 pair of gloves
Will    .....                   p - +1 barding {rC+}
Stlth   ..........              (no amulet)
HPRegen 0.25/turn               r - ring of resist corrosion
MPRegen 0.16/turn               c - ring of poison resistance

@: studying Conjurations, curled up
A: large, rugged brown scales 3, see invisible, deformed body, roll 1, armoured
tail, reflexive curl
a: Rolling Charge, Renounce Religion, Depart the Abyss, Bend Space, Banish,
Corrupt


You were in an ice cave.
You worshipped Lugonu.
Lugonu was greatly pleased with you.
You visited 1 branch of the dungeon, and saw 11 of its levels.
You visited the Abyss 1 time.
You also visited: Ossuary, Bailey and Ice Cave.

You collected 1513 gold pieces.
You spent 420 gold pieces at shops.


Innate Abilities, Weirdness & Mutations

You are completely covered in rugged brown scales. (AC +3, +7% HP)
You have supernaturally acute eyesight. (SInv)
Armour fits poorly on your strangely shaped body.
You can roll at nearby foes to attack.
You have a long armoured tail.
You curl defensively after being hit. (AC +7*)


   Skills:
 - Level 8.0 Fighting
 + Level 9.2(9.4) Axes
 - Level 2.4(6.3) Maces & Flails
 + Level 5.4 Armour
 - Level 8.0 Dodging
 + Level 3.6 Shields
 + Level 9.5 Invocations


You had 10 spell levels left.
You didn't know any spells.
Your spell library contained the following spells:

 Spells                   Type           Power      Damage    Failure   Level
 Foxfire                  Conj/Fire      0%         2x1d4     78%         1
 Slow                     Hex            0%         N/A       78%         1
 Summon Small Mammal      Summ           0%         N/A       78%         1
 Blink                    Tloc           0%         N/A       89%         2
 Sublimation of Blood     Necr           0%         N/A       89%         2
 Confusing Touch          Hex            0%         N/A       98%         3
 Conjure Flame            Conj/Fire      0%         6-21      98%         3
 Ignite Poison            Fire/Tmut/Pois 0%         N/A       98%         3
 Inner Flame              Hex/Fire       0%         N/A       98%         3
 Mephitic Cloud           Conj/Pois/Air  0%         N/A       98%         3
 Vampiric Draining        Necr           0%         2d6       98%         3
 Flame Wave               Conj/Fire      0%         3d3       100%        4
 Fulminant Prism          Conj/Hex       0%         3d6       100%        4
 Petrify                  Tmut/Erth      0%         N/A       100%        4
 Fireball                 Conj/Fire      0%         3d3       100%        5
 Freezing Cloud           Conj/Ice/Air   0%         6-21      100%        5
 Irradiate                Conj/Tmut      0%         3d14      100%        5
 Manifold Assault         Tloc           0%         N/A       100%        5
 Starburst                Conj/Fire      0%         6d3       100%        6
 Spellforged Servitor     Conj/Summ      0%         N/A       100%        7
 Storm Form               Tmut/Air       0%         N/A       100%        7
 Ignition                 Fire           0%         3d3       100%        8
 Fire Storm               Conj/Fire      0%         5d1       100%        9

Inventory:

Hand Weapons
 a - the +8 war axe of Terror (weapon) {drain, rF+} A truly terrible weapon, it drains the life of any living foe it strikes. rF: It protects you from fire.
 b - a +0 war axe of flaming
 j - the +5 hand crossbow of Wariness {freeze, rElec Dex+3 Stlth+} Any ammunition fired from it freezes those it strikes, dealing additional cold damage. It can also slow down cold-blooded creatures. Dex: It affects your dexterity (+3). rElec: It insulates you from electricity. Stlth: It makes you more stealthy.
Armour
 g - +2 gold dragon scales
 k - a +1 helmet (worn)
 p - a +1 barding of cold resistance (worn)
 t - a +0 kite shield of reflection (worn)
 u - a +3 leather armour (worn)
 O - the +1 cloak of Starlight (worn) {*Dazzle EV+4 Stlth--}

   It may blind those who miss an attack against the wearer in melee combat.
   EV:        It affects your evasion (+4).
   Stlth:     It makes you much less stealthy.
 P - a +1 pair of gloves (worn)
Jewellery
 c - a ring of poison resistance (right hand)
 r - a ring of resist corrosion (left hand)
 L - a ring of positive energy
Wands
 m - a wand of acid (2)
 E - a wand of digging (4)
 I - a wand of charming (3)
 N - a wand of iceblast (11)
Scrolls
 d - 7 scrolls of teleportation {@r4}
 e - a scroll of immolation {!r}
 i - 3 scrolls of blinking
 q - a scroll of magic mapping
 v - 3 scrolls of enchant weapon
 w - a scroll of amnesia
 x - 3 scrolls of fog
 C - a scroll of fear
Potions
 f - 5 potions of curing {@q1}
 h - a potion of mutation {unknown}
 l - 3 potions of flight {unknown}
 n - 3 potions of heal wounds {unknown}
 o - 3 potions of might {unknown}
 s - a potion of attraction {unknown}
 z - a potion of brilliance {unknown}
 B - a potion of cancellation {unknown}
 D - 2 potions of haste {unknown}
 G - 2 potions of magic {unknown}
 J - 2 potions of berserk rage {unknown}
 K - a potion of lignification {unknown}

Dungeon Overview and Level Annotations

Branches:
Dungeon (11/15)            Temple (0/1) D:5            Lair (0/6) D:10
    Orc (0/2) D:9         Ossuary (visited)          Bailey (visited)
  IceCv (1/1)

Altars:
Ashenzari
Dithmenos
Elyvilon
Gozag
Kikubaaqudgha
Makhleb
Nemelex Xobeh
Sif Muna
Vehumet
The Shining One

Shops:
D:1

[ ▒▒▒▒▒▒▒▒▒▒▒▒▒ ▒▒▒▒▒▒▒
▒▒.....▒[.)..▒▒ ▒▒.....▒
▒......▒[.....▒▒▒......▒
.......▒.......▒.......▒
...............ZH.∩..∩.▒
.......▒.......▒.......▒
▒......▒......▒▒▒......▒
▒▒.....▒..)..▒▒ ▒▒.....▒
▒▒▒▒▒▒▒▒▒▒▒▒▒ ▒▒▒▒▒▒▒


You could see an entropy weaver simulacrum.


Message History

You slash the dire elephant simulacrum!
The dire elephant simulacrum vaporises!
Lugonu accepts your kill.
You slash the entropy weaver simulacrum!
Your tail-slap misses the entropy weaver simulacrum.
The entropy weaver simulacrum is lightly damaged.
The entropy weaver simulacrum closely misses you.
The entropy weaver simulacrum closely misses you.
The entropy weaver simulacrum hits you but does no damage.
The entropy weaver simulacrum hits you.
* * * LOW HITPOINT WARNING * * *
The entropy weaver simulacrum freezes you!
You resist.
* * * LOW HITPOINT WARNING * * *
You closely miss the entropy weaver simulacrum.
You tail-slap the entropy weaver simulacrum!
The entropy weaver simulacrum is moderately damaged.
The entropy weaver simulacrum closely misses you.
You block the entropy weaver simulacrum's attack.
The entropy weaver simulacrum hits you but does no damage.
The entropy weaver simulacrum hits you.
* * * LOW HITPOINT WARNING * * *
The entropy weaver simulacrum freezes you!
You resist.
* * * LOW HITPOINT WARNING * * *
The entropy weaver simulacrum hits you.
* * * LOW HITPOINT WARNING * * *
The entropy weaver simulacrum freezes you!
You resist.
You die...

Action                   |  1- 3 |  4- 6 |  7- 9 | 10-12 || total
-------------------------+-------+-------+-------+-------++-------
Melee: Hand axe          |    21 |       |       |       ||    21
       Tailslap          |    17 |    17 |    39 |    68 ||   141
       Dagger            |   107 |    73 |       |       ||   180
       Long sword        |       |    16 |       |       ||    16
       Whip              |       |    20 |   234 |   199 ||   453
       War axe           |       |     5 |       |   190 ||   195
Invok: Banish            |       |       |     1 |     6 ||     7
 Abil: Rolling Charge    |     9 |     4 |    17 |    23 ||    53
Evoke: Wand              |       |       |       |     6 ||     6
  Use: Scroll            |       |     5 |     6 |     7 ||    18
       Potion            |       |       |       |     1 ||     1
 Stab: Invisible         |       |       |       |     6 ||     6
Armor: Leather armour    |    51 |    25 |    44 |    95 ||   215
       Ring mail         |       |       |    15 |    87 ||   102
Dodge: Dodged            |    54 |    37 |    72 |   215 ||   378
Block: Buckler           |     3 |    26 |    42 |    66 ||   137
       Kite shield       |       |       |       |    42 ||    42
       Reflection        |       |       |       |     3 ||     3

Levels and vault maps discovered:
D:1:      roderic_octagonal_star, layout_loops_ring, serial_shops, shop
D:2:      layout_basic, basic_altar
D:3:      layout_basic
D:4:      layout_gridville, mainiacjoe_overflow_brackets, serial_forest,
          infiniplex_forest_lined_1, infiniplex_forest_clump_double,
          infiniplex_forest_clump_long, infiniplex_forest_end_double,
          infiniplex_forest_clump_small, infiniplex_forest_lined_3,
          infiniplex_forest_zigzag_1, minivault_19, uniq_crazy_yiuf_cottage
D:5:      layout_loops_cross, jmf_multi_god_temple2, minmay_temple_entry_trees,
          uniq_prince_ribbit1, uniq_ijyb, uniq_pikel
D:6:      layout_basic
D:7:      layout_loops_ring, elyvilon_altar_1
D:8:      layout_layer_cave, nicolae_ossuary_entry_ruins
D:9:      layout_layer_cave, mainiacjoe_overflow_concentric_impassable,
          erik_orc_4
D:10:     layout_basic, grunt_temple_overflow_magic_moments,
          nicolae_tso_carved_into_rock, nicolae_overflow_hidden_temple,
          demons_altar, lair_entry_dummy, enter_bailey_3, serial_bayou_crossing
D:11:     layout_loops_ring, gammafunk_ghost_spectres, portal_ice_cave_rime,
          enter_trove_0, grunt_ministairs_8, uniq_josephine
IceCv:    ice_cave_statue_garden_chambered

Notes
Turn   | Place    | Note
-------+----------+-------------------------------------------
     0 | Abyss:1  | sanka the Palentonga Abyssal Knight began the quest for the
                  | Orb.
     0 | Abyss:1  | Reached XP level 1. HP: 19/19 MP: 2/2
     7 | D:1      | Escaped the Abyss
   205 | D:1      | Reached XP level 2. HP: 16/25 MP: 3/3
   604 | D:1      | Reached skill level 3 in Axes
   657 | D:1      | Found Fuczi's Armour Shoppe.
   916 | D:2      | Reached ** piety under Lugonu
   954 | D:2      | Reached XP level 3. HP: 18/31 MP: 4/4
  1928 | D:2      | Reached skill level 3 in Invocations
  2113 | D:2      | Found a glowing golden altar of the Shining One.
  2488 | D:3      | Reached XP level 4. HP: 35/37 MP: 6/6
  2974 | D:4      | Reached skill level 1 in Shields
  3340 | D:4      | Noticed a necrophage
  3346 | D:4      | Killed a necrophage
  3347 | D:4      | Reached skill level 4 in Axes
  3347 | D:4      | Reached skill level 4 in Invocations
  3347 | D:4      | Reached XP level 5. HP: 34/43 MP: 6/8
  3497 | D:4      | Reached *** piety under Lugonu
  3498 | D:4      | Reached skill level 2 in Shields
  3498 | D:4      | Reached XP level 6. HP: 36/50 MP: 9/9
  3724 | D:4      | Reached skill level 5 in Invocations
  3954 | D:4      | Found a shadowy altar of Dithmenos.
  4195 | D:4      | Identified the +8 whip of Fashus {freeze, rF+ rCorr Dex+4}
  4685 | D:4      | Found a runed translucent door.
  4686 | D:4      | Noticed Crazy Yiuf
  4819 | D:4      | Killed Crazy Yiuf
  4820 | D:4      | Reached skill level 6 in Invocations
  4866 | D:5      | Entered Level 5 of the Dungeon
  4875 | D:5      | Gained mutation: You curl defensively after being hit. (AC
                  | +7*) [Palentonga growth]
  4875 | D:5      | Reached XP level 7. HP: 52/55 MP: 11/11
  4915 | D:5      | Reached skill level 7 in Invocations
  4977 | D:5      | Noticed Pikel
  4979 | D:5      | Noticed Prince Ribbit
  5132 | D:4      | Killed Prince Ribbit
  5133 | D:4      | Reached skill level 8 in Invocations
  5133 | D:4      | Reached skill level 4 in Fighting
  5184 | D:5      | Killed Pikel
  5185 | D:5      | Reached skill level 6 in Fighting
  5185 | D:5      | Reached skill level 5 in Axes
  5185 | D:5      | Reached XP level 8. HP: 64/68 MP: 14/14
  5218 | D:5      | Got the Almanac of Conjuration
  5269 | D:5      | Reached skill level 1 in Maces & Flails
  5405 | D:5      | Reached skill level 2 in Maces & Flails
  5445 | D:5      | Found a staircase to the Ecumenical Temple.
  5721 | D:5      | Found a large runed translucent door.
  5722 | D:5      | Found a large runed translucent door.
  5723 | D:5      | Noticed Ijyb
  5730 | D:5      | Killed Ijyb
  5808 | D:5      | Found a broken altar of Ashenzari.
  5816 | D:5      | Found an opulent altar of Gozag.
  6078 | D:6      | Reached skill level 6 in Axes
  6090 | D:6      | Reached XP level 9. HP: 52/75 MP: 15/15
  6254 | D:6      | Noticed a troll
  6266 | D:6      | Banished a troll
  6267 | D:6      | Reached skill level 7 in Fighting
  6427 | D:6      | Reached skill level 7 in Axes
  6554 | D:6      | Reached **** piety under Lugonu
  6872 | D:7      | Reached skill level 8 in Fighting
  7179 | D:7      | Identified +0 steam dragon scales
  7180 | D:7      | Reached skill level 1 in Dodging
  7328 | D:7      | Found a white marble altar of Elyvilon.
  7342 | D:7      | Reached skill level 2 in Dodging
  7946 | D:1      | Bought the +1 cloak of Starlight {*Dazzle EV+4 Stlth--} for
                  | 305 gold pieces
  7946 | D:1      | Found the +1 cloak of Starlight {*Dazzle EV+4 Stlth--}
  8093 | D:7      | Reached skill level 3 in Dodging
  8138 | D:8      | Identified a scroll of acquirement
  8166 | D:8      | Reached skill level 4 in Dodging
  8178 | D:8      | Reached XP level 10. HP: 46/85 MP: 16/16
  8188 | D:8      | Reached skill level 5 in Dodging
  8293 | D:8      | Found a sand-covered staircase.
  8524 | Ossuary  | Entered an ossuary
  9121 | D:8      | Reached skill level 6 in Dodging
  9278 | D:8      | Noticed a two-headed ogre
  9651 | D:8      | Acquired 805 gold pieces
  9653 | D:8      | Acquired a +1 barding of cold resistance
  9661 | D:8      | Banished a two-headed ogre
  9796 | D:8      | Identified +0 steam dragon scales
 10453 | D:9      | Reached skill level 2 in Armour
 10453 | D:9      | Reached skill level 7 in Dodging
 10740 | D:9      | Noticed a two-headed ogre
 10741 | D:9      | Banished a two-headed ogre
 10742 | D:9      | Reached skill level 3 in Armour
 10881 | D:9      | Identified the +8 war axe of Terror {drain, rF+}
 11129 | D:9      | Found a sparkling altar of Nemelex Xobeh.
 11428 | D:1      | Bought a +1 pair of gloves for 115 gold pieces
 11692 | D:9      | Found a staircase to the Orcish Mines.
 12312 | D:10     | Entered Level 10 of the Dungeon
 12312 | D:10     | Noticed a centaur warrior
 12322 | D:10     | Killed a centaur warrior
 12323 | D:10     | Reached skill level 8 in Axes
 12323 | D:10     | Reached skill level 4 in Armour
 12323 | D:10     | Reached XP level 11. HP: 63/92 MP: 17/17
 12493 | D:10     | Found a glowing golden altar of the Shining One.
 12506 | D:10     | Noticed a two-headed ogre
 12514 | D:10     | Killed a two-headed ogre
 12515 | D:10     | Reached skill level 8 in Dodging
 12701 | D:10     | Found a flagged portal.
 12720 | Bailey   | Entered a bailey
 12901 | Bailey   | Noticed an orc knight
 12901 | Bailey   | Noticed an orc knight
 12935 | Bailey   | Identified +2 gold dragon scales
 12950 | Bailey   | Banished an orc knight
 13135 | D:10     | Found an ancient bone altar of Kikubaaqudgha.
 13136 | D:10     | Found a radiant altar of Vehumet.
 13138 | D:10     | Found a shimmering blue altar of Sif Muna.
 13145 | D:10     | Got Sif Muna's Handbook of Companions
 13297 | D:10     | Found a staircase to the Lair.
 13523 | D:10     | Found a burning altar of Makhleb.
 14012 | D:11     | Found a frozen archway.
 14021 | D:11     | Reached skill level 9 in Invocations
 14202 | IceCv    | Entered an ice cave
 14218 | IceCv    | Reached skill level 5 in Armour
 14220 | IceCv    | Reached skill level 3 in Shields
 14520 | IceCv    | Identified the +5 hand crossbow of Wariness {freeze, rElec
                  | Dex+3 Stlth+}
 14533 | IceCv    | Identified a +0 robe of resistance
 14541 | IceCv    | Noticed a white ugly thing
 14558 | IceCv    | Killed a white ugly thing
 14559 | IceCv    | Reached skill level 9 in Axes
 15190 | IceCv    | HP: 9/92 [entropy weaver simulacrum (3)]
 15190 | IceCv    | Slain by an entropy weaver simulacrum

Vanquished Creatures
  A centaur warrior (D:10)
  A two-headed ogre (D:10)
  Pikel (D:5)
  An ugly thing (IceCv)
  A manticore (D:11)
  3 ice statues (IceCv)
  A smoke demon (D:10)
  2 rime drakes (D:11)
  Prince Ribbit (D:4)
  A shadow (D:10)
  A wraith (D:10)
  6 yaks
  5 wyverns
  A dire elephant simulacrum (IceCv)
  2 death yak simulacra (IceCv)
  2 steam dragons
  2 wargs (D:9)
  A water moccasin (D:5)
  3 orc warriors
  A black bear (D:5)
  A hornet zombie (D:8)
  2 ice beasts
  A necrophage (D:4)
  4 ogres
  7 centaurs
  A lemure (D:4)
  2 kobold brigands
  A bullfrog (D:7)
  A scorpion (D:6)
  A water moccasin zombie (D:4)
  A water moccasin skeleton (D:5)
  5 killer bees (D:9)
  2 elephant simulacra (IceCv)
  5 wights (D:8)
  A centaur zombie (Ossuary)
  A howler monkey (D:6)
  A bullfrog zombie (D:5)
  A centaur skeleton (D:4)
  2 hounds
  10 orc priests
  A gnoll shaman (D:4)
  Crazy Yiuf (D:4)
  3 jellies
  A scorpion zombie (D:5)
  Ijyb (D:5)
  An iguana (D:4)
  4 orc wizards
  2 polar bear simulacra (IceCv)
  A killer bee zombie (D:7)
  A wolf simulacrum (IceCv)
  A hound skeleton (D:4)
  5 mummies (Ossuary)
  A howler monkey zombie (D:8)
  6 gnolls (D:4)
  10 adders
  4 shadow imps
  A white imp (D:8)
  An adder skeleton (D:4)
  A worm (D:2)
  2 dart slugs
  43 orcs
  7 endoplasms
  2 giant cockroaches
  13 hobgoblins
  12 jackals
  A quokka (D:2)
  6 ball pythons
  6 bats
  2 frilled lizards
  10 goblins
  4 hobgoblin zombies (Ossuary)
  14 kobolds
  5 rats
260 creatures vanquished.

Vanquished Creatures (collateral kills)
  An orc warrior (Bailey)
1 creature vanquished.

Vanquished Creatures (others)
  An orc knight (Bailey)
  5 plants
6 creatures vanquished.

Grand Total: 267 creatures vanquished
